 Dungeon Crawl Stone Soup version 0.27-a0-223-ge082b6e869 (webtiles) character file.

Game seed: 10512638813778962816

371 KristoblXynda the Slasher (level 6, -1/51 HPs)
             Began as a Draconian Fighter on Feb 1, 2021.
             Slain by Sigmund
             ... wielding a +0 scythe
              (6 damage)
             ... on level 4 of the Dungeon.
             The game lasted 00:04:56 (5242 turns).

KristoblXynda the Slasher (Draconian Fighter)       Turns: 5242, Time: 00:04:57

Health: -1/51      AC:  6    Str: 18    XL:     6   Next: 42%
Magic:  6/6        EV: 11    Int: 11    God:
Gold:   219        SH: 10    Dex: 10    Spells: 5/5 levels left

rFire    . . .     SeeInvis .   a - +0 long sword
rCold    . . .     Faith    .   b - +1 kite shield
rNeg     . . .     Spirit   .   (armour unavailable)
rPois    .         Reflect  .   (helmet restricted)
rElec    .         Harm     .   (no cloak)
rCorr    .         Rampage  .   (no gloves)
Will     .....                  (no boots)
Stlth    +.........             (no amulet)
HPRegen  0.17/turn              (no ring)
MPRegen  0.10/turn              (no ring)

@: mighty
A: unfitting armour, cold-blooded, AC +6
a: no special abilities


You were on level 4 of the Dungeon.
You visited 1 branch of the dungeon, and saw 4 of its levels.

You collected 219 gold pieces.

Inventory:

Hand Weapons
 a - a +0 long sword (weapon)
Armour
 b - a +1 kite shield (worn)
Scrolls
 f - a scroll of immolation {unknown}
 g - a scroll of teleportation
 j - a scroll of blinking
 l - a scroll of magic mapping
 n - a scroll of noise {unknown}
 o - a scroll of random uselessness {unknown}
 r - a scroll of identify {unknown}
Potions
 d - a potion of lignification {unknown}
 h - 2 potions of flight {unknown}
 i - a potion of haste {unknown}
 k - a potion of degeneration {unknown}
 m - a potion of curing {unknown}
 p - a potion of cancellation {unknown}
 q - a potion of heal wounds {unknown}


   Skills:
 - Level 3.2 Fighting
 * Level 5.0 Long Blades
 + Level 4.0 Dodging
 + Level 4.4 Shields


You had 5 spell levels left.
You didn't know any spells.
Your spell library contained the following spells:

 Spells                   Type           Power        Failure   Level
 Corona                   Hex            0%           80%         1
 Ensorcelled Hibernation  Hex/Ice        0%           91%         2
 Confusing Touch          Hex            0%           99%         3
 Dazzling Flash           Conj/Hex       0%           99%         3
 Tukima's Dance           Hex            0%           99%         3


Dungeon Overview and Level Annotations

Branches:
Dungeon (4/15)
 Temple: D:4-7

Altars:
Trog

Annotations:
D:2 1 runed translucent door, Crazy Yiuf
D:4 Pikel, Sigmund


Innate Abilities, Weirdness & Mutations

Your plain brown scales are hard. (AC +6)
You cannot fit into any form of body armour.
You are cold-blooded and may be slowed by cold attacks.


Message History

You hit Sigmund.
Sigmund is heavily wounded.
Sigmund gestures at himself while chanting.
Sigmund flickers and vanishes!
You barely miss something.
You hear some strange, mumbled words.
Something tries to affect you, but you resist.
Something hits you.
You miss something. You miss something. Something hits you.
You hit something but do no damage. Something hits you.
Unknown command.
You feel very mighty all of a sudden. Something hits you.
You closely miss something. Something hits you.
* * * LOW HITPOINT WARNING * * *
You barely miss something. You tail-slap something. Something hits you!
* * * LOW HITPOINT WARNING * * *
You closely miss something. Something hits you.
You die...

,,,,,,,,*,,,..#*..#...* #####
,,,**,,**,,,..#.#.,...#####...###
,,,**,,,*,##....#.##....#......##
,,,**,,.###.........##...........
,,,***,..#..........##...........
,*****.,.........................
,***,*..,#.......................
,,,,,,...#....####..###..........
,,,,,,.........#@..#####.........
,,,,,,.........{...#..##..(......
,,,,,,.........###.....#.........
,,,,,,......(..##...#..#......†..
,**.#*###...........#..)..#..####
***,.#,#........#####....###...##
,..,#..##......#####....###.<...#
,#..#.#.........#.#......#......#
,##.#..##........................


There were no monsters in sight!

Vanquished Creatures
  An ogre (D:3)
  Blork the orc (D:4)
  An iguana (D:4)
  A hound skeleton (D:4)
  Robin (D:3)
  3 gnolls
  5 adders
  3 worms
  2 dart slugs
  3 leopard geckos
  7 orcs
  3 bats
  2 giant cockroaches
  16 goblins
  7 hobgoblins
  7 jackals
  3 kobolds
  A quokka (D:3)
  A frilled lizard (D:4)
  5 rats
73 creatures vanquished.

Notes
Turn   | Place    | Note
-------+----------+-------------------------------------------
     0 | D:1      | KristoblXynda the Draconian Fighter began the quest for the
                  | Orb.
     0 | D:1      | Reached XP level 1. HP: 19/19 MP: 1/1
   311 | D:1      | Reached XP level 2. HP: 26/26 MP: 2/2
  1195 | D:2      | Found a faded altar of an unknown god.
  1204 | D:2      | Reached XP level 3. HP: 29/31 MP: 3/3
  1583 | D:2      | Found a runed translucent door.
  1584 | D:2      | Noticed Crazy Yiuf
  2200 | D:3      | Reached skill level 3 in Long Blades
  2557 | D:2      | HP: 1/31 [orc/+0 whip (2)]
  3043 | D:3      | Reached XP level 4. HP: 33/38 MP: 4/4
  3482 | D:3      | Noticed Robin
  3935 | D:3      | Killed Robin
  4030 | D:4      | Reached skill level 4 in Long Blades
  4030 | D:4      | Reached XP level 5. HP: 45/45 MP: 5/5
  4479 | D:4      | Found a bloodstained altar of Trog.
  4479 | D:4      | Noticed an ogre
  4499 | D:3      | Killed an ogre
  4500 | D:3      | Reached XP level 6. HP: 20/51 MP: 6/6
  4805 | D:4      | Noticed Blork the orc
  4870 | D:4      | Killed Blork the orc
  4916 | D:4      | Found a bloodstained altar of Trog.
  4940 | D:4      | Reached skill level 5 in Long Blades
  4971 | D:4      | Noticed Pikel
  5209 | D:4      | Noticed Sigmund
  5242 | D:4      | Slain by Sigmund

Illustrated notes

Levels and vault maps discovered:
D:1:      scummos_arrival_hexagon, layout_basic, chequers_serial_rivers_small_b
D:2:      layout_loops_ring, chequers_ecumenical_altar_simple,
          nrook_mini_vaults, uniq_crazy_yiuf_cottage
D:3:      layout_basic, uniq_robin
D:4:      layout_cave_pools, bloody_trog, serial_shops,
          nicolae_shop_behind_doors, minmay_misc_feat_square,
          trog_butcher_becter, uniq_pikel, uniq_blork_the_orc, uniq_sigmund

Skill      XL: |  1  2  3  4  5  6 |
---------------+-------------------+-----
Dodging        | 3 4 |  4.0
Long Blades    | 3 4 5 |  5.0
Shields        | 4 |  4.4
Fighting       | |  3.2

Action                   |  1- 3 |  4- 6 || total
-------------------------+-------+-------++-------
Melee: Long sword        |    98 |   141 ||   239
       Tailslap          |    14 |    18 ||    32
  Use: Scroll            |       |     6 ||     6
       Potion            |       |     1 ||     1
 Stab: Sleeping          |     1 |       ||     1
Armor: Skin              |    28 |    34 ||    62
Dodge: Dodged            |    60 |    62 ||   122
Block: Kite shield       |    52 |    58 ||   110
       Rpst.: Long sword |    14 |    24 ||    38

Table legend: (Time is in decaauts)
 A = Elapsed time spent in this place.
 B = Non-inter-level travel time spent in this place.
 C = Inter-level travel time spent in this place.
 D = Time resting spent in this place.
 E = Time spent auto-exploring this place.
 F = Levels seen in this place.
 G = Mean time per level.
                   A        B        C        D        E       F      G
               +--------+--------+--------+--------+--------+-----+--------+
         Total |   5356 |   5056 |    300 |   1421 |   2878 |   4 | 1339.0 |
       Dungeon |   5356 |   5056 |    300 |   1421 |   2878 |   4 | 1339.0 |
               +--------+--------+--------+--------+--------+-----+--------+

Top non-repeatable levels by time:
     D:3: 2336 daAuts
     D:2: 1557 daAuts
     D:1: 1043 daAuts
     D:4: 419 daAuts
